 Dungeon Crawl Stone Soup version 0.30.1-3-gfc49f6343a (webtiles) character file.

Game seed: 15442267242571506645

199 Almogavar the Slasher (level 5, -19/47 HPs)
             Began as a Minotaur Berserker on Aug 7, 2023.
             Was a Believer of Trog.
             Demolished by an ogre
             ... wielding a +0 giant spiked club
              (20 damage)
             ... on level 6 of the Dungeon.
             The game lasted 00:07:24 (1880 turns).

Almogavar the Slasher (Minotaur Berserker)          Turns: 1880, Time: 00:07:25

Health: -19/47     AC:  4    Str: 23    XL:     5   Next: 48%
Magic:  4/4        EV: 12    Int:  4    God:    Trog [**....]
Gold:   107        SH:  0    Dex: 10    Spells: 4/4 levels left

rFire   . . .        a - +0 falchion
rCold   . . .        (no shield)
rNeg    . . .        k - +0 leather armour
rPois   .            (helmet restricted)
rElec   .            (no cloak)
rCorr   .            q - +0 pair of gloves
SInv    .            (no boots)
Will    .....        (no amulet)
Stlth   +            (no ring)
HPRegen 0.27/turn    (no ring)
MPRegen 0.09/turn

%: no passive effects
@: no status effects
A: horns 2, retaliatory headbutt
a: Renounce Religion, Berserk, Trog's Hand


You were on level 6 of the Dungeon.
You worshipped Trog.
Trog was pleased with you.
You visited 1 branch of the dungeon, and saw 4 of its levels.

You collected 107 gold pieces.

Inventory:

Hand Weapons
 a - a +0 falchion (weapon)
 f - a +0 sling
Missiles
 l - 25 stones (quivered)
Armour
 k - a +0 leather armour (worn)
 q - a +0 pair of gloves (worn)
Scrolls
 c - a scroll of fear {unknown}
 d - a scroll of identify {unknown}
 e - a scroll of torment {unknown}
 h - a scroll of enchant armour {unknown}
 i - a scroll of amnesia {unknown}
 o - a scroll of teleportation {unknown}
Potions
 b - a potion of lignification {unknown}
 g - 2 potions of curing {unknown}
 j - 2 potions of cancellation {unknown}
 m - a potion of degeneration {unknown}
 n - a potion of heal wounds {unknown}


   Skills:
 + Level 4.8 Fighting
 + Level 5.9 Long Blades
 + Level 3.1 Armour
 + Level 3.2 Dodging


You had 4 spell levels left.
You didn't know any spells.
Your spell library was empty.

Dungeon Overview and Level Annotations

Branches:
Dungeon (3/15)

Altars:

Shops:
D:1 [


Innate Abilities, Weirdness & Mutations

You have a pair of horns on your head.
You reflexively headbutt those who attack you in melee.


Message History

You kill the hobgoblin!
Trog accepts your kill.
Calm down first, please.
You start waiting.
You feel a strong urge to attack something.
You start waiting.
You feel your anger nearly subside.
You are no longer berserk.
You are exhausted.
You feel yourself slow down.
You start waiting.
You feel yourself speed up.
You start waiting.
You recover from your berserk rage.
You start removing your amulet.
You continue taking off the necklace of Bloodlust {Fury *Rage Will++ Int-3 Slay+6}. x4
You finish taking off the necklace of Bloodlust {Fury *Rage Will++ Int-3 Slay+6}.
You drop the necklace of Bloodlust {Fury *Rage Will++ Int-3 Slay+6}.
Found a dagger.
A sourceless malevolence fills the Dungeon...
You fall into a shaft and drop 3 floors!
The shaft crumbles and collapses.
You open the door.
Found a ring mail.
An ogre comes into view. It is wielding a +0 giant spiked club.
Found a whip.
There is an open door here.
You slash the ogre!
The ogre is moderately wounded.
The ogre hits you with a +0 giant spiked club!!
You hit the ogre.
The ogre is heavily wounded.
You slash the ogre! You headbutt the ogre.
The ogre is almost dead.
The ogre hits you with a +0 giant spiked club!!
Ouch! That really hurt!
* * * LOW HITPOINT WARNING * * *
You hit the ogre but do no damage.
The ogre is almost dead.
The ogre hits you with a +0 giant spiked club!!
You die...

#.....#
+.....#
#.....#
#.....#
#.....#
#.....#+###
#...[.#...#
#....@#...#
#....O'...#
#.....#...#
.......)#####
........#
........#
........#
........#
.......


You could see an ogre.

Vanquished Creatures
  An ogre (D:3)
  An orc priest (D:3)
  3 worms
  A dart slug (D:1)
  3 orcs (D:3)
  6 ball pythons
  A bat (D:1)
  8 endoplasms
  7 giant cockroaches
  9 goblins
  7 hobgoblins
  5 kobolds
  5 quokkas
  5 frilled lizards
  3 rats
65 creatures vanquished.

Notes
Turn   | Place    | Note
-------+----------+-------------------------------------------
     0 | D:1      | Almogavar the Minotaur Berserker began the quest for the
                  | Orb.
     0 | D:1      | Reached XP level 1. HP: 19/19 MP: 0/0
   236 | D:1      | Reached XP level 2. HP: 27/27 MP: 1/1
   279 | D:1      | Reached skill level 4 in Long Blades
   599 | D:1      | Found Haref's Antique Armour Shop.
   602 | D:1      | Reached XP level 3. HP: 33/33 MP: 2/2
  1184 | D:2      | Reached ** piety under Trog
  1380 | D:2      | Reached XP level 4. HP: 40/41 MP: 3/3
  1485 | D:2      | Found a faded altar of an unknown god.
  1696 | D:3      | Found the necklace of Bloodlust {Fury *Rage Will++ Int-3
                  | Slay+6}
  1735 | D:3      | Reached skill level 5 in Long Blades
  1762 | D:3      | Noticed an ogre
  1769 | D:3      | Killed an ogre
  1770 | D:3      | Reached XP level 5. HP: 47/47 MP: 4/4
  1872 | D:3      | You fall into a shaft and drop 3 floors!
  1874 | D:6      | Noticed an ogre
  1879 | D:6      | HP: 1/47 [ogre/+0 giant spiked club (28)]
  1880 | D:6      | Demolished by an ogre

Illustrated notes

Levels and vault maps discovered:
D:1:      dpeg_arrival_rooms_b, layout_loops_corners, serial_shops,
          nicolae_shop_statue_plus
D:2:      minmay_recursive_quarters, layout_loops_ring,
          ebering_ecumenical_altar_petrified
D:3:      layout_rooms, nicolae_uskayaw_suspiria,
          amcnicky_mini_corridor_feature, uniq_grinder
D:6:      layout_gridville, mainiacjoe_overflow_catwalk,
          minmay_temple_entry_trees, lexackson_kobold_supper

Skill      XL: |  1  2  3  4 |
---------------+-------------+-----
Fighting       | 4 |  4.8
Long Blades    | 4 5 |  5.9
Dodging        | 3 |  3.2
Armour         | 3 |  3.1

Action                     |  1- 3 |  4- 6 || total
---------------------------+-------+-------++-------
  Melee: Falchion          |    96 |    24 ||   120
         Headbutt          |    17 |     2 ||    19
         Punch             |     3 |       ||     3
 Invoke: Berserk           |     2 |       ||     2
 Armour: Animal skin       |     9 |       ||     9
         Leather armour    |     7 |     3 ||    10
  Dodge: Dodged            |    60 |    20 ||    80
